 Dungeon Crawl Stone Soup version 0.29.1-15-g9cfb28693d (webtiles) character file.

Game seed: 17920938331971430133

21 Ashen the Caller (level 2, -1/27 HPs)
             Began as an Ogre Summoner on Aug 9, 2023.
             Slain by a quokka (3 damage)
             ... on level 1 of the Dungeon.
             The game lasted 00:02:23 (1496 turns).

Ashen the Caller (Ogre Summoner)                    Turns: 1496, Time: 00:02:24

Health: -1/27      AC:  3    Str: 11    XL:     2   Next: 83%
Magic:  1/5        EV: 10    Int: 16    God:
Gold:   63         SH:  0    Dex:  9    Spells: 3/6 levels left

rFire   . . .      SeeInvis .   (no weapon)
rCold   . . .      Faith    .   (no shield)
rNeg    . . .      Spirit   .   a - +0 robe
rPois   .          Reflect  .   (helmet restricted)
rElec   .          Harm     .   (no cloak)
rCorr   .          Rampage  .   (gloves unavailable)
Will    .....                   (boots unavailable)
Stlth   +.........              (no amulet)
HPRegen 0.09/turn               (no ring)
MPRegen 0.09/turn               (no ring)

@: no status effects
A: large, unfitting armour, tough skin 1
a: no special abilities


You were on level 1 of the Dungeon.
You visited 1 branch of the dungeon, and saw 2 of its levels.

You collected 63 gold pieces.

Inventory:

Armour
 a - a +0 robe (worn)
Scrolls
 c - 2 scrolls of fear {unknown}
 f - a scroll of magic mapping {unknown}
 g - a scroll of blinking {unknown}
 h - a scroll of fog {unknown}
 j - a scroll of identify {unknown}
 k - a scroll of teleportation {unknown}
Potions
 b - 2 potions of magic
 d - a potion of heal wounds {unknown}
 e - a potion of attraction {unknown}
 i - a potion of curing {unknown}


   Skills:
 + Level 1.3 Fighting
 + Level 2.1 Dodging
 - Level 1.4 Stealth
 + Level 2.8 Spellcasting
 + Level 3.8 Summonings


You had 3 spell levels left.
You knew the following spells:

 Your Spells              Type           Power      Damage    Failure   Level
a - Summon Small Mammal   Summ           56%        N/A       4%          1
b - Call Imp              Summ           14%        N/A       6%          2

Your spell library contained the following spells:

 Spells                   Type           Power      Damage    Failure   Level
 Call Canine Familiar     Summ           14%        N/A       12%         3
 Shock                    Conj/Air       8%         1d3       19%         1
 Summon Guardian Golem    Hex/Summ       8%         N/A       26%         3
 Swiftness                Air            2%         N/A       50%         3
 Summon Lightning Spire   Summ/Air       8%         N/A       65%         4
 Airstrike                Air            1%         2d(1-17)  88%         4


Dungeon Overview and Level Annotations

Branches:
Dungeon (2/15)

Altars:


Innate Abilities, Weirdness & Mutations

You are too large for most types of armour.
You have tough skin. (AC +1)


Message History

You are frozen.
The goblin hits you but does no damage.
The jackal bites you but does no damage.
The endoplasm attacks as you move away! The endoplasm hits you.
The jackal closely misses you.
There is an open door here.
Casting: Call Imp (safe; 6% risk of failure)
Confirm with . or Enter, or press ? or * to list all spells.
A beastly little devil appears in a puff of flame.
The endoplasm freezes you.
You are frozen.
* * * LOW HITPOINT WARNING * * *
You swap places.
The endoplasm hits your crimson imp but does no damage.
Your crimson imp hits the endoplasm.
The endoplasm hits your crimson imp but does no damage.
Your crimson imp hits the endoplasm.
The endoplasm dies!
Your crimson imp misses the jackal.
The jackal misses your crimson imp. The jackal bites your crimson imp.
Your crimson imp closely misses the jackal.
The jackal closely misses your crimson imp.
Your crimson imp misses the jackal.
The jackal bites your crimson imp but does no damage.
The jackal completely misses your crimson imp.
Your crimson imp hits the jackal but does no damage.
Something bites your crimson imp.
The quokka twitches its whiskers.
Something misses your crimson imp. The quokka attacks as you move away!
The quokka misses you. The quokka attacks as you move away!
The quokka bites you.
* * * LOW HITPOINT WARNING * * *
Something closely misses your crimson imp.
The quokka attacks as you move away! The quokka bites you.
* * * LOW HITPOINT WARNING * * *
Your crimson imp blinks!
Casting: Call Imp (safe; 6% risk of failure)
Confirm with . or Enter, or press ? or * to list all spells.
A beastly little devil appears in a puff of frigid air.
The quokka bites you.
You die...

......##≈≈≈#'..#.##.#..#....#....
......#.....#..#h##.#.#[#...#.#.#
......≈..<..≈...............#....
......≈..⌠..≈..#.##...#..####.#..
......#.....#....................
##≈≈≈###≈≈≈###.#.####.#.#.#.#....
#.....#......#.#.# ##..........##
≈..⌠..≈......#.#r# #..#.#.#.##.#
≈.....≈......#.#@###........##.#
#.....#......#.#5##...#.#..##..#
+#≈≈≈##.......................##
......######....####..#....####
.............#..##.#....#..#
####.#####.#.>..##.#.#.....# #.#
#.........#.#..#### #.#
#.#..#.##.#.#..# #.#
#....#.##.#.#..#


You could see a quokka (ally target), a jackal and a friendly white imp
(summoned).

Vanquished Creatures
  A bat (D:1)
  An endoplasm (D:1)
  A giant cockroach (D:1)
  2 goblins (D:1)
  A hobgoblin (D:1)
  A quokka (D:1)
  A frilled lizard (D:1)
  2 rats (D:1)
10 creatures vanquished.

Vanquished Creatures (collateral kills)
  2 endoplasms (D:1)
  2 hobgoblins
  A quokka (D:1)
  A ball python (D:1)
  A kobold (D:1)
  A rat (D:1)
8 creatures vanquished.

Grand Total: 18 creatures vanquished

Notes
Turn   | Place    | Note
-------+----------+-------------------------------------------
     0 | D:1      | Ashen the Ogre Summoner began the quest for the Orb.
     0 | D:1      | Reached XP level 1. HP: 16/16 MP: 3/3
   414 | D:1      | Reached XP level 2. HP: 20/26 MP: 5/5
   631 | D:1      | Reached skill level 1 in Fighting
  1197 | D:1      | Learned a level 2 spell: Call Imp
  1496 | D:1      | Slain by a quokka

Illustrated notes

Levels and vault maps discovered:
D:1:      dpeg_arrival_rooms_with_view, layout_basic, hangedman_decor_riveting,
          minmay_misc_feat_tiny
D:2:      layout_rooms, hellmonk_ecumenical_altar_zigzags

Skill      XL: |  1  2 |
---------------+-------+-----
Dodging        | 2 |  2.1
Fighting       | 1 |  1.3
Stealth        | |  1.4
Spellcasting   | |  2.8
Summonings     | |  3.8

Action                   || total
-------------------------++-------
Melee: Unarmed           ||    98
       Punch             ||     2
 Cast: Summon Small Mamm ||    14
       Call Imp          ||     4
 Stab: Sleeping          ||     2
Armor: Robe              ||    38
Dodge: Dodged            ||    64
